 Dungeon Crawl Stone Soup version 0.25.1-8-g42b30a86e7 (webtiles) character file.

Game seed: 13162512564466170828

64 hawla the Conjurer (level 3, 0/28 HPs)
             Began as a Draconian Conjurer on Dec 14, 2020.
             Slain by a gnoll (7 damage)
             ... on level 3 of the Dungeon.
             The game lasted 00:04:26 (1718 turns).

hawla the Conjurer (Draconian Conjurer)             Turns: 1718, Time: 00:04:27

Health: 0/28       AC:  5    Str: 10    XL:     3   Next: 91%
Magic:  0/7        EV: 12    Int: 16    God:
Gold:   76         SH:  0    Dex: 11    Spells: 5/8 levels left

rFire    . . .     SeeInvis .   (no weapon)
rCold    . . .     Gourm    .   (no shield)
rNeg     . . .     Faith    .   (armour unavailable)
rPois    .         Spirit   .   (helmet restricted)
rElec    .         Reflect  .   (no cloak)
rCorr    .         Harm     .   (no gloves)
MR       .....     Rnd*Tele +   (no boots)
Stlth    ++........             (no amulet)
HPRegen  0.09/turn              c - ring of teleportation (curse)
MPRegen  0.10/turn              (no ring)

@: no status effects
A: unfitting armour, cold-blooded, AC +5
a: no special abilities


You were on level 3 of the Dungeon.
You were not hungry.

You visited 1 branch of the dungeon, and saw 3 of its levels.

You collected 76 gold pieces.

Inventory:

Missiles
 a - 16 poisoned darts (quivered)
Jewellery
 c - a cursed ring of teleportation (left hand)
Potions
 e - a potion of curing {unknown}
 f - a potion of berserk rage {unknown}
Comestibles
 b - 4 rations
 d - a chunk of flesh


   Skills:
 + Level 1.2 Fighting
 + Level 1.1 Throwing
 + Level 2.1 Dodging
 - Level 2.0 Stealth
 + Level 3.1 Spellcasting
 - Level 4.0 Conjurations


You had 5 spell levels left.
You knew the following spells:

 Your Spells              Type           Power        Failure   Level  Hunger
a - Magic Dart            Conj           ###.         3%          1    #......
b - Searing Ray           Conj           ###...       5%          2    ##.....

Your spell library contained the following spells:

 Spells                   Type           Power        Failure   Level  Hunger
 Dazzling Flash           Conj/Hex       #.....       24%         3    ###....
 Fulminant Prism          Conj/Hex       #.........   63%         4    #####..
 Iskenderun's Mystic Bla  Conj/Tloc      #.......     63%         4    #####..


Dungeon Overview and Level Annotations

Branches:
Dungeon (3/15)

Altars:
Ashenzari
Dithmenos
Fedhas
Qazlal
Ru
Uskayaw
Wu Jian


Innate Abilities, Weirdness & Mutations

Your plain brown scales are hard. (AC +5)
You cannot fit into any form of body armour.
You are cold-blooded and may be slowed by cold attacks.


Message History

Casting: Searing Ray (safe; 5% risk of failure)
Confirm with . or Enter, or press ? or * to list all spells.
You don't have enough magic to cast that spell.
Casting: Searing Ray (safe; 5% risk of failure)
Confirm with . or Enter, or press ? or * to list all spells.
Aiming: Magic Dart (safe; 3% risk of failure)
Press: ? - help, Shift-Dir - straight line, f - gnoll
Aim: a gnoll (severely wounded)
The magic dart hits the gnoll.
The gnoll is severely wounded.
The gnoll hits you but does no damage.
Casting: Magic Dart (safe; 3% risk of failure)
Confirm with . or Enter, or press ? or * to list all spells.
Aiming: Magic Dart (safe; 3% risk of failure)
Press: ? - help, Shift-Dir - straight line, f/p - gnoll
Aim: a gnoll (severely wounded)
The magic dart hits the gnoll.
The gnoll is almost dead.
The gnoll hits you!
You die...

..# ..#
.(# ..#
##..###
#.....#
#g....#
#@....#
#######


You could see a gnoll.

Vanquished Creatures
  A gnoll (D:2)
  An adder (D:2)
  An ooze (D:1)
  A dart slug (D:1)
  3 bats (D:1)
  6 giant cockroaches
  5 goblins
  4 hobgoblins
  A quokka (D:2)
  A frilled lizard (D:1)
  5 kobolds (D:1)
  8 rats
37 creatures vanquished.

Notes
Turn   | Place    | Note
-------+----------+-------------------------------------------
     0 | D:1      | hawla the Draconian Conjurer began the quest for the Orb.
     0 | D:1      | Reached XP level 1. HP: 14/14 MP: 3/3
   387 | D:1      | Reached XP level 2. HP: 22/22 MP: 1/5
   605 | D:1      | Reached skill level 1 in Fighting
   702 | D:1      | Reached skill level 1 in Throwing
  1094 | D:1      | Reached XP level 3. HP: 22/28 MP: 1/7
  1497 | D:2      | Found a shattered altar of Ashenzari.
  1497 | D:2      | Found a blossoming altar of Fedhas.
  1497 | D:2      | Found a hide-covered altar of Uskayaw.
  1497 | D:2      | Found a sacrificial altar of Ru.
  1497 | D:2      | Found a stormy altar of Qazlal.
  1497 | D:2      | Found a shadowy altar of Dithmenos.
  1497 | D:2      | Found an ornate altar of the Wu Jian Council.
  1503 | D:2      | Learned a level 2 spell: Searing Ray
  1718 | D:3      | Slain by a gnoll

Illustrated notes

Levels and vault maps discovered:
D:1:      eino_arrival_druids_welcome, layout_loops_cross
D:2:      layout_rooms, grunt_temple_overflow_open, first_ration
D:3:      layout_rooms, minmay_ogre_servants, uniq_ijyb

Skill      XL: |  1  2  3 |
---------------+----------+-----
Stealth        | 2 |  2.0
Dodging        | 2 |  2.1
Fighting       | 1 |  1.2
Throwing       | 1 |  1.1
Spellcasting   | 3 |  3.1
Conjurations   | |  4.0

Action                   || total
-------------------------++-------
Melee: Unarmed           ||    31
       Tailslap          ||     4
 Cast: Magic Dart        ||    80
       Searing Ray       ||     3
  Use: Scroll            ||     1
  Eat: Chunk             ||     3
Armor: Skin              ||    10
Dodge: Dodged            ||    31
